 Dungeon Crawl Stone Soup version 0.29-a0-653-gd47aff6735 (webtiles) character file.

Game seed: 6521452819282469359

56 lesaewzxc the Cutter (level 4, -4/29 HPs)
             Began as a Kobold Berserker on June 21, 2022.
             Was a Follower of Nemelex Xobeh.
             Slain by a black bear (5 damage)
             ... created by the rage of Trog
             ... on level 2 of the Dungeon.
             The game lasted 00:10:00 (1341 turns).

lesaewzxc the Cutter (Kobold Berserker)             Turns: 1341, Time: 00:10:00

Health: -4/29      AC:  2    Str: 16    XL:     4   Next: 17%
Magic:  4/4        EV: 15    Int:  8    God:    Nemelex Xobeh [*.....]
Gold:   56         SH:  0    Dex: 14    Spells: 3/3 levels left

rFire   . . .      SeeInvis .   a - +0 short sword (vorpal)
rCold   . . .      Faith    .   (no shield)
rNeg    . . .      Spirit   .   e - +0 robe
rPois   .          Reflect  .   (no helmet)
rElec   .          Harm     .   (no cloak)
rCorr   .          Rampage  .   (no gloves)
Will    .....                   (no boots)
Stlth   +++.......              (no amulet)
HPRegen 0.09/turn               (no ring)
MPRegen 0.09/turn               (no ring)

@: no status effects
A: small, no large weapons, nightstalker 3
a: Renounce Religion, Draw Escape, Draw Destruction, Draw Summoning


You were on level 2 of the Dungeon.
You worshipped Nemelex Xobeh.
Nemelex Xobeh was aware of your devotion.
You visited 1 branch of the dungeon, and saw 2 of its levels.

You collected 56 gold pieces.

Inventory:

Hand Weapons
 a - a +0 vorpal short sword (weapon)
Missiles
 c - 2 throwing nets (quivered)
Armour
 b - a +0 animal skin
 e - a +0 robe (worn)
Potions
 d - a potion of haste {unknown}
 f - a potion of attraction {unknown}
 g - a potion of heal wounds
 h - 2 potions of mutation {unknown}
 i - a potion of lignification {unknown}
 j - a potion of flight {unknown}


   Skills:
 * Level 3.7 Fighting
 * Level 4.7 Short Blades
 * Level 2.0 Armour
 + Level 2.9 Dodging
 * Level 1.6 Stealth
 * Level 0.5 Shields


You had 3 spell levels left.
You didn't know any spells.
Your spell library was empty.

Dungeon Overview and Level Annotations

Branches:
Dungeon (2/15)

Altars:
Nemelex Xobeh


Innate Abilities, Weirdness & Mutations

You are small and have problems with some larger weapons.
You are completely attuned to the shadows.


Message History

You hit the worm.
The worm is heavily wounded.
You hit the worm.
The worm is severely wounded.
The worm bites you.
You hit the worm.
You kill the worm!
Items here: )) ††††.
Found a stone staircase leading up.
Found a ring mail.
There is a stone staircase leading up here.
Found 3 gold pieces.
You now have 56 gold pieces (gained 3).
An endoplasm comes into view.
The endoplasm quivers.
You hit the endoplasm.
The endoplasm is severely wounded.
The endoplasm freezes you.
You are frozen.
You hit the endoplasm.
You kill the endoplasm!
You feel your strength returning.
You see here 4 stones.
Trog sends monsters to punish you. 4 black bears and a polar bear come into view.
You hit the black bear.
The black bear is lightly wounded.
You hit the black bear but do no damage.
The black bear is lightly wounded.
The black bear barely misses you. The black bear claws you.
The black bear misses you.
You barely miss the black bear. The black bear barely misses you.
The black bear claws you. The black bear misses you. The black bear bites you!
* * * LOW HITPOINT WARNING * * *
The black bear closely misses you. The black bear claws you.
* * * LOW HITPOINT WARNING * * *
You hit the black bear but do no damage.
The black bear barely misses you. The black bear claws you.
You die...
Your body glows slightly and disappears.

###.# ..#.# #. ..#.# #.#
#.# ..#.#
##..####.######### ..'.#
...........#.....# ..###
##.#.###.#.#.###.# ###
........h..#.# #.# ..#
##.#)###h#.#.###.# #.#
##.#.#/#@#.<.#...# #.#
#..#.###h#..##.### #.#
#..)....h.[..#.#
#.#######..#.###.#...#.#
#....................#.#
############.#########.#
#(..........#
#############


You could see a polar bear (berserk) and 3 black bears.

Vanquished Creatures
  A worm (D:2)
  3 dart slugs (D:1)
  A ball python (D:2)
  6 bats
  6 endoplasms
  2 giant cockroaches (D:1)
  7 goblins
  3 hobgoblins
  2 jackals (D:1)
  A kobold (D:1)
  A quokka (D:2)
  3 frilled lizards (D:1)
  6 rats
42 creatures vanquished.

Notes
Turn   | Place    | Note
-------+----------+-------------------------------------------
     0 | D:1      | lesaewzxc the Kobold Berserker began the quest for the Orb.
     0 | D:1      | Reached XP level 1. HP: 14/14 MP: 1/1
   132 | D:1      | Found a faded altar of an unknown god.
   147 | D:1      | Prayed at the altar of an unknown god.
   147 | D:1      | Fell from the grace of Trog
   147 | D:1      | Became a worshipper of Nemelex Xobeh the Trickster
   147 | D:1      | Reached * piety under Nemelex Xobeh
   147 | D:1      | Received a gift from Nemelex Xobeh
   151 | D:1      | Reached XP level 2. HP: 19/19 MP: 2/2
   342 | D:1      | Reached XP level 3. HP: 22/23 MP: 3/3
   551 | D:1      | Reached skill level 1 in Stealth
  1266 | D:2      | Reached XP level 4. HP: 28/29 MP: 4/4
  1338 | D:2      | Noticed a black bear
  1338 | D:2      | Noticed a black bear
  1338 | D:2      | Noticed a black bear
  1338 | D:2      | Noticed a black bear
  1338 | D:2      | Noticed a polar bear
  1340 | D:2      | HP: 1/29 [black bear[the rage of Trog] (4)]
  1341 | D:2      | Slain by a black bear

Illustrated notes

Levels and vault maps discovered:
D:1:      eino_arrival_cavern_c, layout_basic,
          shapermc_ecumenical_altar_notcrosses
D:2:      layout_basic, basic_altar, minmay_surrounded, uniq_jessica

Skill      XL: |  1  2  3 |
---------------+----------+-----
Stealth        | 1 |  1.6
Armour         | 2 |  2.0
Fighting       | |  3.7
Short Blades   | |  4.7
Dodging        | |  2.9
Shields        | |  0.5

Action                   |  1- 3 |  4- 6 || total
-------------------------+-------+-------++-------
Melee: Short sword       |    98 |    17 ||   115
  Use: Scroll            |     3 |       ||     3
       Potion            |     2 |       ||     2
 Stab: Sleeping          |    13 |       ||    13
Armor: Animal skin       |     1 |       ||     1
       Robe              |    10 |       ||    10
Dodge: Dodged            |    74 |     8 ||    82

Table legend: (Time is in decaauts)
 A = Elapsed time spent in this place.
 B = Non-inter-level travel time spent in this place.
 C = Inter-level travel time spent in this place.
 D = Time resting spent in this place.
 E = Time spent auto-exploring this place.
 F = Levels seen in this place.
 G = Mean time per level.
                   A        B        C        D        E       F      G
               +--------+--------+--------+--------+--------+-----+--------+
         Total |   1328 |   1301 |     27 |      0 |    514 |   2 |  664.0 |
       Dungeon |   1328 |   1301 |     27 |      0 |    514 |   2 |  664.0 |
               +--------+--------+--------+--------+--------+-----+--------+

Top non-repeatable levels by time:
     D:1: 1076 daAuts
     D:2: 251 daAuts
